 Dungeon Crawl Stone Soup version 0.27-a0-1177-g245c70e1c0 (webtiles) character file.

Game seed: 14104008838972601038

27 mhtbhm the Cudgeller (level 2, -8/29 HPs)
             Began as a Troll Berserker on May 16, 2021.
             Was a Follower of Trog.
             Killed from afar by Sigmund (12 damage)
             ... with a magic dart
             ... on level 2 of the Dungeon.
             The game lasted 00:01:10 (1123 turns).

mhtbhm the Cudgeller (Troll Berserker)              Turns: 1123, Time: 00:01:11

Health: -8/29      AC:  4    Str: 24    XL:     2   Next: 93%
Magic:  1/1        EV: 10    Int:  3    God:    Trog [*.....]
Gold:   49         SH:  0    Dex:  9    Spells: 1/1 levels left

rFire    + . .     SeeInvis .   a - +0 mace
rCold    + . .     Faith    .   (no shield)
rNeg     . . .     Spirit   .   b - +0 animal skin
rPois    +         Reflect  .   (helmet restricted)
rElec    +         Harm     .   (no cloak)
rCorr    +         Rampage  .   (gloves unavailable)
Will     .....                  (boots unavailable)
Stlth    +.........             (no amulet)
HPRegen  1.09/turn              (no ring)
MPRegen  0.07/turn              (no ring)

@: confused, resistant, on berserk cooldown, attractive, slowed, very slow
A: large, unfitting armour, claws 3, regeneration 1, shaggy fur 1, tough skin 1
a: Renounce Religion, Berserk


You were on level 2 of the Dungeon.
You worshipped Trog.
Trog was aware of your devotion.
You visited 1 branch of the dungeon, and saw 2 of its levels.

You collected 49 gold pieces.

Inventory:

Hand Weapons
 a - a +0 mace (weapon)
Missiles
 d - 6 poisoned darts (quivered)
 i - 8 javelins
Armour
 b - a +0 animal skin (worn)
Jewellery
 e - a ring of ice
Scrolls
 c - a scroll of identify {unknown}
 h - a scroll of vulnerability {unknown}
Potions
 j - a potion of curing {unknown}


   Skills:
 + Level 2.7 Fighting
 + Level 3.1 Maces & Flails
 + Level 2.8 Dodging


You had one spell level left.
You didn't know any spells.
Your spell library was empty.

Dungeon Overview and Level Annotations

Branches:
Dungeon (2/15)

Altars:

Annotations:
D:2 Sigmund


Innate Abilities, Weirdness & Mutations

You are too large for most types of armour.
You have claws for hands.
Your natural rate of healing is unusually fast.
You are covered in fur. (AC +1)
You have tough skin. (AC +1)


Message History

Sigmund is moderately wounded.
Sigmund completely misses you.
You barely miss Sigmund.
Sigmund is moderately wounded.
The hobgoblin hits you but does no damage.
Sigmund closely misses you.
You hit Sigmund.
Sigmund is heavily wounded.
The hobgoblin hits you but does no damage.
Sigmund hits you with a +0 scythe.
You barely miss Sigmund.
Sigmund is heavily wounded.
You are no longer berserk.
You are exhausted.
You feel yourself slow down. The hobgoblin hits you.
* * * LOW HITPOINT WARNING * * *
Sigmund closely misses you.
Unknown command.
You hit Sigmund but do no damage.
Sigmund is heavily wounded.
The hobgoblin hits you.
* * * LOW HITPOINT WARNING * * *
Sigmund completely misses you. The hobgoblin hits you.
* * * LOW HITPOINT WARNING * * *
Sigmund hits you with a +0 scythe.
* * * LOW HITPOINT WARNING * * *
It was a potion of resistance.
You feel protected.
The hobgoblin hits you but does no damage.
Sigmund casts a spell at you.
You are confused.
Unknown command.
It was a potion of attraction.
You feel attractive to monsters.
The hobgoblin hits you but does no damage.
Sigmund barely misses you. The hobgoblin hits you.
* * * LOW HITPOINT WARNING * * *
Sigmund points at you and mumbles some strange words.
The magic dart hits you!
You die...

#######+#
#........
#........
#........
#....§≈≈≈
#.$...$≈?
###@@....§.
#.'g.§≈≈§#≈
#.#.....§≈.
#.#.)..§§§§
#.#....§§§≈
#####.#.....§§.
####
#.....#........
...
#.#####........
#.# #######.#
#######+# #.#


You could see Sigmund and a hobgoblin.

Vanquished Creatures
  A worm (D:2)
  A dart slug (D:2)
  4 ball pythons
  5 endoplasms
  2 giant cockroaches (D:2)
  A goblin (D:2)
  A quokka (D:1)
  4 bats
  2 kobolds (D:2)
21 creatures vanquished.

Notes
Turn   | Place    | Note
-------+----------+-------------------------------------------
     0 | D:1      | mhtbhm the Troll Berserker began the quest for the Orb.
     0 | D:1      | Reached XP level 1. HP: 22/22 MP: 0/0
   343 | D:1      | Found a faded altar of an unknown god.
   838 | D:2      | Reached XP level 2. HP: 29/29 MP: 1/1
   872 | D:2      | Reached skill level 3 in Maces & Flails
  1102 | D:2      | Noticed Sigmund
  1123 | D:2      | Killed from afar by Sigmund

Illustrated notes

Levels and vault maps discovered:
D:1:      doesnt_arrival_eight_statues, layout_loops_ring,
          hellmonk_ecumenical_altar_pennies_from_heaven, minivault_5,
          minmay_pentomino_o2
D:2:      layout_rooms, chequers_mini_garden, kennysheep_generic_room_16,
          uniq_sigmund

Skill      XL: |  1  2 |
---------------+-------+-----
Maces & Flails | 3 |  3.1
Fighting       | |  2.7
Dodging        | |  2.8

Action                   || total
-------------------------++-------
Melee: Mace              ||    77
Invok: Berserk           ||     2
  Use: Potion            ||     2
Armor: Animal skin       ||    46
Dodge: Dodged            ||    54

Table legend: (Time is in decaauts)
 A = Elapsed time spent in this place.
 B = Non-inter-level travel time spent in this place.
 C = Inter-level travel time spent in this place.
 D = Time resting spent in this place.
 E = Time spent auto-exploring this place.
 F = Levels seen in this place.
 G = Mean time per level.
                   A        B        C        D        E       F      G
               +--------+--------+--------+--------+--------+-----+--------+
         Total |   1147 |   1147 |      0 |    253 |    673 |   2 |  573.5 |
       Dungeon |   1147 |   1147 |      0 |    253 |    673 |   2 |  573.5 |
               +--------+--------+--------+--------+--------+-----+--------+

Top non-repeatable levels by time:
     D:1: 835 daAuts
     D:2: 311 daAuts
